 Dungeon Crawl Stone Soup version 0.21.0-3-g78d12a8 (webtiles) character file.

80 sankara the Covered (level 4, -4/43 HPs)
             Began as a Deep Dwarf Fighter on Jan 17, 2018.
             Slain by Sigmund
             ... wielding a +2 scythe of freezing
              (5 damage)
             ... on level 2 of the Dungeon.
             The game lasted 00:04:07 (1390 turns).

sankara the Covered (Deep Dwarf Fighter)            Turns: 1390, Time: 00:04:08

Health: -4/43      AC: 11    Str: 20    XL:     4   Next: 18%
Magic:  4/4        EV:  7    Int:  8    God:
Gold:   122        SH:  9    Dex: 15    Spells: 3/3 levels left

rFire    . . .     SeeInvis .   a - +0 war axe
rCold    . . .     Gourm    .   c - +0 shield
rNeg     . . .     Faith    .   b - +0 scale mail
rPois    .         Spirit   .   n - +1 helmet
rElec    .         Reflect  .   (no cloak)
rCorr    .         Harm     .   p - +0 pair of gloves
MR       .....     Rnd*Rage +   (no boots)
Stlth    ..........             (no amulet)
HPRegen  0.00/turn              (no ring)
MPRegen  0.09/turn              (no ring)

@: non-regenerating, drained
A: damage resistance, heal wounds, rugged brown scales 1, agile 1, berserk 1,
sense surroundings 1, no potion heal 1, no regeneration
a: Heal Wounds


You were on level 2 of the Dungeon.
You were not hungry.

You visited 1 branch of the dungeon, and saw 2 of its levels.

You collected 122 gold pieces.

Inventory:

Hand Weapons
 a - a +0 war axe (weapon)
Armour
 b - a +0 scale mail (worn)
 c - a +0 shield (worn)
 n - a +1 helmet (worn)
 p - a +0 pair of gloves (worn)
Scrolls
 e - a scroll of fog {unknown}
 h - 4 scrolls of teleportation {unknown}
 i - 2 scrolls of identify {unknown}
 l - a scroll of fear {unknown}
 m - 3 scrolls of remove curse {unknown}
 o - 2 scrolls of immolation {unknown}
Potions
 d - a potion of might
 k - a potion of lignification
Comestibles
 f - 5 rations
 j - 9 chunks of flesh


   Skills:
 + Level 3.2(3.0) Fighting
 * Level 3.8(3.6) Axes
 + Level 4.0(3.8) Armour
 - Level 3.2(3.1) Shields


You had 3 spell levels left.
You didn't know any spells.

Dungeon Overview and Level Annotations

Branches:
Dungeon (2/15)

Altars:
Hepliaklqana

Annotations:
D:2 Sigmund


Innate Abilities, Weirdness & Mutations

You are resistant to damage.
You can heal yourself by infusing magical energy.
You passively map a small area around you.
You do not regenerate.
You are partially covered in rugged brown scales. (AC +1, +3% HP)
You are agile. (Dex +2)
You tend to lose your temper in combat.
Potions are less effective at restoring your health.


Message History

You open the door.
There is an open door here.
Found a leather armour.
You see here a leather armour.
Found a stone staircase leading up.
You open the door.
There is an open door here.
You open the door.
There is an open door here.
Sigmund the Dreaded comes into view.
He is wielding a scythe of freezing.
Some of the chunks of flesh in your inventory have rotted away.
It was a potion of cancellation.
You feel magically purged.
Okay, then.
Sigmund casts a spell at you. The puff of flame hits you!
* * * LOW HITPOINT WARNING * * *
You block Sigmund's attack.
You closely miss Sigmund.
Sigmund hits you with a scythe of freezing!
You die...

#################
#..........@@...#
######'#############.#
........###........# * *
........'...######.#, ,,
........##......<#.#
,***
........##.#######.# ,*
........+........[.# #
,*
........#.####...###.# ,
.....................#**
* ,


You could see Sigmund.

Vanquished Creatures
  4 adders (D:2)
  An ooze (D:1)
  A worm (D:2)
  A leopard gecko (D:2)
  4 goblins
  5 hobgoblins
  4 jackals (D:1)
  A quokka (D:2)
  5 bats
  6 frilled lizards
  2 kobolds (D:1)
  5 rats
39 creatures vanquished.

Notes
Turn   | Place    | Note
-------+----------+-------------------------------------------
     0 | D:1      | sankara the Deep Dwarf Fighter began the quest for the Orb.
     0 | D:1      | Reached XP level 1. HP: 20/20 MP: 1/1
   315 | D:1      | Reached XP level 2. HP: 24/27 MP: 2/2
  1062 | D:2      | Reached XP level 3. HP: 25/34 MP: 3/3
  1208 | D:2      | Reached XP level 4. HP: 22/42 MP: 4/4
  1245 | D:2      | Reached skill level 4 in Armour
  1250 | D:2      | Gained mutation: You are partially covered in rugged brown scales. (AC +1, +3% HP) [potion of mutation]
  1250 | D:2      | Gained mutation: Potions are less effective at restoring your health. [potion of mutation]
  1250 | D:2      | Gained mutation: You tend to lose your temper in combat. [potion of mutation]
  1250 | D:2      | Gained mutation: You are agile. (Dex +2) [potion of mutation]
  1310 | D:2      | Found a hazy altar of Hepliaklqana.
  1385 | D:2      | Noticed Sigmund
  1387 | D:2      | HP: 1/43 [Sigmund/puff of flame (6)]
  1390 | D:2      | Slain by Sigmund

Skill      XL: |  1  2  3  4 |
---------------+-------------+-----
Axes           | 3 |  3.8
Fighting       | 3 |  3.2
Armour         | 4 |  4.0
Shields        | |  3.2

Action                   |  1- 3 |  4- 6 || total
-------------------------+-------+-------++-------
Melee: War axe           |   128 |    32 ||   160
  Use: Potion            |       |     3 ||     3
  Eat: Chunk             |     1 |     1 ||     2
Armor: Scale mail        |    63 |    16 ||    79
Dodge: Dodged            |    52 |    11 ||    63
Block: Shield            |    61 |    16 ||    77
